 Dungeon Crawl Stone Soup version 0.28.0 (webtiles) character file.

Game seed: 13631683948472197012

1675 issech the Twirler (level 8, -1/79 HPs)
             Began as a Troll Monk on Feb 14, 2022.
             Slain by an ogre (16 damage)
             ... on level 5 of the Dungeon.
             The game lasted 00:17:30 (4195 turns).

issech the Twirler (Troll Monk)                     Turns: 4195, Time: 00:17:31

Health: -1/79      AC:  7    Str: 20    XL:     8   Next: 70%
Magic:  7/7        EV: 11    Int:  6    God:
Gold:   173        SH:  0    Dex: 14    Spells: 7/7 levels left

rFire   . . .      SeeInvis .   d - +2 quarterstaff (chaos)
rCold   . . .      Faith    .   (shield currently unavailable)
rNeg    + . .      Spirit   .   E - +1 robe {rN+}
rPois   .          Reflect  .   m - +0 hat
rElec   .          Harm     .   A - +1 cloak
rCorr   .          Rampage  .   (gloves unavailable)
Will    .....                   (boots unavailable)
Stlth   ++........              (no amulet)
HPRegen 1.03/turn               (no ring)
MPRegen 0.10/turn               (no ring)

@: no status effects
A: large, unfitting armour, claws 3, regeneration 1, shaggy fur 1, tough skin 1
a: no special abilities


You were on level 5 of the Dungeon.
You visited 1 branch of the dungeon, and saw 5 of its levels.

You collected 173 gold pieces.

Inventory:

Hand Weapons
 a - a +0 mace
 b - the +7 halberd "Aleus" {freeze, rElec Will- Dex+4 SInv}
   (You found it on level 4 of the Dungeon)

   It freezes those it strikes, dealing additional cold damage.
   It can also slow down cold-blooded creatures.
   Dex:       It affects your dexterity (+4).
   rElec:     It insulates you from electricity.
   SInv:      It lets you see invisible.
   Will:      It decreases your willpower.
 d - a +2 quarterstaff of chaos (weapon)
 n - the +2 shortbow of Teasad {vorpal, rN+}
   (You found it on level 2 of the Dungeon)

   Any ammunition fired from it inflicts extra damage upon your enemies.
   rN:        It protects you from negative energy.
 B - a +0 giant spiked club
 D - a +0 dagger of venom
Missiles
 e - 207 stones (quivered)
 g - 20 poisoned darts
 h - 4 large rocks
 l - 56 bolts
 u - 4 boomerangs
 z - 63 arrows
Armour
 m - a +0 hat (worn)
 w - an orb of energy
 A - a +1 cloak (worn)
 E - a +1 robe of positive energy (worn)
Wands
 F - a wand of flame (12)
Scrolls
 c - a scroll of enchant weapon
 j - a scroll of fear
 t - a scroll of amnesia
 y - a scroll of enchant armour
 C - a scroll of immolation {unknown}
Potions
 f - a potion of degeneration {unknown}
 i - 2 potions of attraction {unknown}
 k - 2 potions of curing {unknown}
 o - 2 potions of mutation {unknown}
 p - 2 potions of cancellation {unknown}
 q - a potion of berserk rage {unknown}
 s - a potion of might {unknown}
 v - a potion of brilliance {unknown}
 x - a potion of flight {unknown}


   Skills:
 + Level 4.7 Fighting
 + Level 4.1(5.9) Maces & Flails
 + Level 5.8(6.4) Staves
 + Level 4.5 Dodging
 + Level 2.4 Stealth


You had 7 spell levels left.
You didn't know any spells.
Your spell library was empty.

Dungeon Overview and Level Annotations

Branches:
Dungeon (5/15)
 Temple: D:4-7

Altars:
Vehumet


Innate Abilities, Weirdness & Mutations

You are too large for most types of armour.
You have claws for hands.
Your natural rate of healing is unusually fast.
You are covered in fur. (AC +1)
You have tough skin. (AC +1)


Message History

You sock the ogre!
You kill the ogre!
The iguana bites you!
Unknown command.
You barely miss the iguana. The iguana closely misses you.
You hit the iguana but do no damage. Lightning courses through the iguana!
The iguana is severely wounded.
The iguana barely misses you.
You sock the iguana!
You kill the iguana!
You hit the ogre. You burn the ogre.
The ogre is lightly wounded.
The ogre closely misses you.
You barely miss the ogre.
The ogre is lightly wounded.
The ogre hits you with a +0 giant club!
You closely miss the ogre.
The ogre is lightly wounded.
You barely miss the ogre.
The ogre is lightly wounded.
The ogre hits you with a +0 giant club!!
You thump the ogre! You burn the ogre.
The ogre is severely wounded.
The ogre hits you with a +0 giant club!!
* * * LOW HITPOINT WARNING * * *
You hit the ogre but do no damage.
The ogre is severely wounded.
The ogre barely misses you.
You see here a +0 giant club.
The ogre hits you with a +0 giant club.
The adder hisses angrily.
The ogre hits you with a +0 giant club!!
* * * LOW HITPOINT WARNING * * *
You barely miss the ogre.
The ogre is severely wounded.
The ogre completely misses you.
You barely miss the ogre.
The ogre is severely wounded.
The ogre hits you with a +0 giant club!
You die...

###################
#.....#.....#.....#
#.....#.....#...†.#
#..#..#..#..#.O#..#
#..#.O#..#..#..#.O#
#.O#.....#.....#...
#.@#.....#.....#...
#..################
#..................
#.†.......)........
#..################
#..#S...$#.W...#...
#..#.....#.....#...
#..#..#..#..#..#..#
#..#..#..#..#..#..#


You could see an ogre and an adder.

Vanquished Creatures
  A wind drake (shapeshifter) (D:5)
  Sigmund (D:2)
  Menkaure (D:4)
  A water moccasin (D:4)
  An ice beast (D:5)
  A necrophage (D:5)
  3 ogres
  2 water moccasin skeletons (D:5)
  A wyvern skeleton (D:3)
  Crazy Yiuf (D:2)
  A hound (D:5)
  A jelly (D:5)
  2 orc priests
  2 iguanas
  2 orc wizards
  A killer bee zombie (D:5)
  A hound zombie (D:5)
  A hound skeleton (D:4)
  7 adders
  A white imp (D:5)
  An adder skeleton (D:4)
  3 worms
  2 dart slugs (D:3)
  11 orcs
  8 ball pythons
  3 bats
  11 endoplasms
  3 giant cockroaches
  5 goblins
  4 hobgoblins
  A quokka (D:3)
  3 frilled lizards
  9 kobolds
  2 rats
98 creatures vanquished.

Vanquished Creatures (collateral kills)
  2 centaur zombies (D:5)
2 creatures vanquished.

Vanquished Creatures (others)
  A centaur zombie (D:5)
1 creature vanquished.

Grand Total: 101 creatures vanquished

Notes
Turn   | Place    | Note
-------+----------+-------------------------------------------
     0 | D:1      | issech the Troll Monk began the quest for the Orb.
     0 | D:1      | Reached XP level 1. HP: 22/22 MP: 0/0
    39 | D:1      | Found a faded altar of an unknown god.
   541 | D:1      | Reached XP level 2. HP: 29/29 MP: 1/1
   875 | D:2      | Reached XP level 3. HP: 33/36 MP: 2/2
  1133 | D:2      | Identified the +2 shortbow of Teasad {vorpal, rN+}
  1364 | D:2      | Found a runed translucent door.
  1367 | D:2      | Noticed Crazy Yiuf
  1421 | D:2      | Killed Crazy Yiuf
  1422 | D:2      | Reached XP level 4. HP: 44/44 MP: 3/3
  2022 | D:3      | Noticed Sigmund
  2126 | D:2      | Killed Sigmund
  2127 | D:2      | Reached skill level 1 in Staves
  2127 | D:2      | Reached XP level 5. HP: 26/53 MP: 4/4
  2127 | D:2      | Reached XP level 6. HP: 31/61 MP: 5/5
  2710 | D:4      | Noticed Menkaure
  2716 | D:4      | Killed Menkaure
  2717 | D:4      | Reached skill level 2 in Staves
  2898 | D:4      | Noticed a water moccasin
  2910 | D:4      | Reached XP level 7. HP: 68/68 MP: 6/6
  2964 | D:3      | Reached skill level 3 in Staves
  3190 | D:4      | Identified the +7 halberd "Aleus" {freeze, rElec Will-
                  | Dex+4 SInv}
  3728 | D:5      | Entered Level 5 of the Dungeon
  3869 | D:5      | Found a radiant altar of Vehumet.
  3888 | D:5      | Reached skill level 4 in Staves
  3974 | D:5      | Reached XP level 8. HP: 79/79 MP: 7/7
  4008 | D:5      | Noticed a shapeshifter
  4008 | D:5      | Noticed a wind drake
  4008 | D:5      | a shapeshifter changed into a wind drake
  4022 | D:5      | Killed a wind drake
  4079 | D:5      | Reached skill level 5 in Staves
  4195 | D:5      | Slain by an ogre

Illustrated notes

Levels and vault maps discovered:
D:1:      dpeg_arrival_simpleton_c, layout_loops_ring,
          shapermc_ecumenical_altar_totnotflames, minmay_misc_feat_five
D:2:      layout_loops_ring, serial_bayou_pond_c, uniq_crazy_yiuf_cottage
D:3:      layout_basic, uniq_sigmund
D:4:      layout_basic, minmay_checkerbox, uniq_menkaure
D:5:      kennysheep_windowed_halls, layout_basic, fiery_altar_vehumet,
          hangedman_abyss_or_decor_lesser_grid, st_stairs_13

Skill      XL: |  1  2  3  4  5  6  7  8 |
---------------+-------------------------+-----
Maces & Flails | 3 4 |  4.1
Dodging        | 3 4 |  4.5
Fighting       | 3 4 |  4.7
Staves         | 1 2 4 5 |  5.8
Stealth        | 2 |  2.4

Action                   |  1- 3 |  4- 6 |  7- 9 || total
-------------------------+-------+-------+-------++-------
Melee: Mace              |   110 |       |       ||   110
       Punch             |     2 |       |       ||     2
       Quarterstaff      |       |    92 |   138 ||   230
  Use: Scroll            |     2 |     1 |     2 ||     5
 Stab: Sleeping          |     3 |     1 |     1 ||     5
       Paralysed         |       |       |     2 ||     2
Armor: Robe              |    47 |    43 |    43 ||   133
Dodge: Dodged            |    48 |    73 |    57 ||   178
